 Dungeon Crawl Stone Soup version 0.21-a0-442-g848f44b (webtiles) character file.

65 Goblin1989 the Ducker (level 3, -2/17 HPs)
             Began as a Felid Monk on Nov 15, 2017.
             Slain by a killer bee (8 damage)
             ... on level 3 of the Dungeon.
             The game lasted 00:05:19 (3229 turns).

Goblin1989 the Ducker (Felid Monk)                  Turns: 3229, Time: 00:05:19

Health: -2/17      AC:  1    Str:  5 (7)  XL:     3   Next: 94%
Magic:  4/4        EV: 20    Int: 10 (11) God:
Gold:   71         SH:  0    Dex: 16 (19) Spells: 2/2 levels left
                                        Lives:  0   Deaths: 1

rFire    . . .     SeeInvis +     - Unarmed
rCold    . . .     Gourm    .   (shield unavailable)
rNeg     . . .     Faith    .   (armour unavailable)
rPois    .         Spirit   .   (helmet unavailable)
rElec    .         Reflect  .   (cloak unavailable)
rCorr    .         Harm     .   (gloves unavailable)
MR       .....                  (boots unavailable)
Stlth    +++.......             (no amulet)
HPRegen  0.05/turn              (no ring)
MPRegen  0.09/turn              (no ring)

@: quick
A: no armour, no weapons or thrown items, stealth, claws 1, fangs 3, see
invisible, carnivore 3, speed 1, shaggy fur 1, slow metabolism 1, sharp paws
a: no special abilities


You were on level 3 of the Dungeon.
You were full.

You visited 1 branch of the dungeon, and saw 3 of its levels.

You collected 71 gold pieces.

Inventory:

Jewellery
 c - an uncursed ring of fire
 k - an uncursed ring of flight {unknown}
Wands
 A - a wand of acid (10/15)
Scrolls
 d - 2 scrolls of remove curse {unknown}
 j - 5 scrolls of identify {unknown}
 m - 2 scrolls of teleportation {unknown}
 E - 3 scrolls of amnesia {unknown}
 F - a scroll of magic mapping {unknown}
Potions
 e - a potion of haste
 h - a potion of agility
 i - a potion of flight
Comestibles
 a - 3 meat rations {@e2}
 D - a royal jelly


   Skills:
 + Level 3.6 Fighting
 + Level 4.8 Dodging
 + Level 4.0 Stealth
 * Level 4.2 Unarmed Combat


You had 2 spell levels left.
You didn't know any spells.

Dungeon Overview and Level Annotations

Branches:
Dungeon (3/15)

Altars:

Annotations:
D:3 Terence


Innate Abilities, Weirdness & Mutations

You cannot wear armour.
You are incapable of wielding weapons or throwing items.
Your paws allow you to move quietly. (Stealth)
You have sharp claws.
You have razor-sharp teeth.
You have supernaturally acute eyesight. (SInv)
You are carnivorous and can eat meat at any time.
You cover ground quickly.
You are covered in fur. (AC +1)
You have a slow metabolism.
Your sharp claws are effective at attacking unaware monsters.


Message History

You claw the adder!
The adder is severely wounded.
* * * LOW HITPOINT WARNING * * *
You feel sick. The adder bites you but does no damage.
The adder closely misses you.
You take 1 damage, and have 5/17 hp.
You miss the adder.
The adder is severely wounded.
* * * LOW HITPOINT WARNING * * *
You feel sick. The adder misses you.
You take 1 damage, and have 4/17 hp.
You claw the adder!
You kill the adder!
* * * LOW HITPOINT WARNING * * *
You feel sick.
You take 1 damage, and have 3/17 hp.
Unknown command.
It was a potion of haste.
You feel yourself speed up.
* * * LOW HITPOINT WARNING * * *
You feel sick.
You take 1 damage, and have 2/17 hp.
It was a potion of agility.
You feel agile all of a sudden.
It was a potion of flight.
You feel very buoyant.
You fly up into the air.
It was a potion of degeneration.
There was something very wrong with that liquid.
You feel weakened.
You feel dopey.
You feel clumsy.
* * * LOW HITPOINT WARNING * * *
You feel sick.
You take 1 damage, and have 1/17 hp.
It was a potion of magic.
Magic courses through your body.
It was a potion of curing.
You feel better.
You regained 10 hp, and now have 11/17 hp.
Unknown command.
Your extra speed is starting to run out.
You are starting to lose your buoyancy.
You feel yourself slow down.
You float gracefully downwards.
You feel a little less agile now.
You regained 3 hp, and now have 14/17 hp.
There is an open door here.
A giant cockroach comes into view.
Health restored: 17 A giant cockroach is nearby!
You pounce on the unaware helpless giant cockroach!
You claw the giant cockroach!
You kill the giant cockroach!
Your Stealth skill increases to level 4!
Unknown command.
Unknown command.
You now have 71 gold pieces (gained 10).
A killer bee comes into view.
A killer bee is nearby!
A killer bee is nearby!
A killer bee is nearby! 3 killer bees come into view.
The killer bee buzzes angrily.
The killer bee moves out of view. x2
Unknown command.
The killer bee buzzes angrily.
You hear an angry buzzing noise.
The killer bee buzzes angrily.
A killer bee comes into view.
The killer bee buzzes angrily.
You miss the killer bee. The killer bee barely misses you.
The killer bee stings you. The killer bee barely misses you.
You take 6 damage, and have 11/17 hp.
MASSIVE DAMAGE!!
You scratch the killer bee but do no damage.
The killer bee misses you. The killer bee stings you.
* * * LOW HITPOINT WARNING * * *
The killer bee completely misses you. The killer bee barely misses you.
The killer bee closely misses you.
You are too injured to fight recklessly!
You take 5 damage, and have 6/17 hp.
MASSIVE DAMAGE!!
You are too injured to fight recklessly!
You are too injured to fight recklessly!
You are too injured to fight recklessly!
You are too injured to fight recklessly!
You are too injured to fight recklessly!
You are too injured to fight recklessly!
You are too injured to fight recklessly!
You are too injured to fight recklessly!
You are too injured to fight recklessly!
You are too injured to fight recklessly!
You are too injured to fight recklessly!
You are too injured to fight recklessly!
You are too injured to fight recklessly!
You are too injured to fight recklessly!
You are too injured to fight recklessly!
You are too injured to fight recklessly!
You are too injured to fight recklessly!
You are too injured to fight recklessly!
You are too injured to fight recklessly!
You are too injured to fight recklessly!
Unknown command.
You scratch the killer bee.
The killer bee is lightly wounded.
The killer bee closely misses you. x2; The killer bee stings you!
You die...

█.█ █......
..█ .......
.██ .......
..... .. ....
... █y.██
█...
██yy█████....
█.y@y.....█
█....!...██
█......███
█......████
█..█▲██.....█
██. █.....███
█ █.......█
█████...█
█...█


You could see 5 killer bees.

Vanquished Creatures
  Robin (D:2)
  2 adders
  2 oozes (D:1)
  A worm (D:2)
  2 dart slugs
  5 leopard geckos
  An orc (D:3)
  2 ball pythons
  4 giant cockroaches
  12 goblins
  11 hobgoblins
  5 jackals
  4 bats
  2 frilled lizards (D:1)
  7 kobolds
  2 rats
63 creatures vanquished.

Notes
Turn   | Place    | Note
-------+----------+-------------------------------------------
     0 | D:1      | Goblin1989 the Felid Monk began the quest for the Orb.
     0 | D:1      | Reached XP level 1. HP: 10/10 MP: 2/2
    63 | D:1      | Reached XP level 2. HP: 14/14 MP: 3/3
   448 | D:1      | Reached XP level 3. HP: 17/17 MP: 4/4
  1139 | D:2      | Noticed Robin
  1351 | D:1      | Reached XP level 4. HP: 5/21 MP: 5/5
  1781 | D:2      | Killed Robin
  2837 | D:3      | Noticed Terence
  2844 | D:3      | HP: 1/21 [Terence/mace of crushing (3)]
  2845 | D:3      | Slain by Terence
  2846 | D:3      | Reached XP level 3. HP: -3/17 MP: 4/4
  3223 | D:3      | Noticed a killer bee
  3224 | D:3      | Noticed a killer bee
  3224 | D:3      | Noticed a killer bee
  3224 | D:3      | Noticed a killer bee
  3226 | D:3      | Noticed a killer bee
  3229 | D:3      | Slain by a killer bee

Vault maps used:
D:1:      scummos_arrival_simple_fountains, minmay_surrounded
D:2:      first_bread, st_stairs_14, uniq_robin
D:3:      marbit_many_paths, kennysheep_jessica_study, uniq_grinder,
          uniq_terence

Skill      XL: |  1  2  3  4 |
---------------+-------------+-----
Stealth        | 3 4 |  4.0
Unarmed Combat | 4 |  4.2
Fighting       | |  3.6
Dodging        | |  4.8

Action                   |  1- 3 |  4- 6 || total
-------------------------+-------+-------++-------
Melee: Unarmed           |   113 |    65 ||   178
       Bite              |     6 |     7 ||    13
       Punch             |     1 |     2 ||     3
  Use: Potion            |     6 |       ||     6
 Stab: Sleeping          |    13 |     4 ||    17
       Distracted        |     2 |       ||     2
  Eat: Chunk             |    11 |     3 ||    14
Armor: Skin              |     3 |     3 ||     6
Dodge: Dodged            |    83 |    49 ||   132

Table legend:
 A = Spawn XP
 B = Non-spawn XP
 C = Spawn XP percentage of total XP
 D = Spawn monster count
 E = Non-spawn monster count
 F = Spawn count percentage of total count
 G = Total turns spent on level
                    A         B        C        D         E        F      G
               +---------+---------+-------+---------+---------+-------+---------
         Total |       0 |     174 |   0.0 |       0 |      63 |   0.0 |  3229
               +---------+---------+-------+---------+---------+-------+---------
           D:1 |       0 |      79 |   0.0 |       0 |      35 |   0.0 |  1539
           D:2 |       0 |      70 |   0.0 |       0 |      22 |   0.0 |  1259
           D:3 |       0 |      25 |   0.0 |       0 |       6 |   0.0 |   431
               +---------+---------+-------+---------+---------+-------+---------

Vault maps used:
D:1:      scummos_arrival_simple_fountains, minmay_surrounded
D:2:      first_bread, st_stairs_14, uniq_robin
D:3:      marbit_many_paths, kennysheep_jessica_study, uniq_grinder,
          uniq_terence
